 Dungeon Crawl Stone Soup version 0.24.0-13-gcf9b319 (webtiles) character file.

Game seed: 9178718600822641773, levelgen mode: deterministic

119 cod the Skirmisher (level 4, -2/44 HPs)
             Began as a Minotaur Wanderer on Nov 21, 2019.
             Was an Initiate of Gozag.
             Killed by divine providence
             ... invoked by an orc priest
              (13 damage)
             ... on level 3 of the Dungeon.
             The game lasted 00:09:10 (2048 turns).

cod the Skirmisher (Minotaur Wanderer)              Turns: 2048, Time: 00:09:20

Health: -2/44      AC:  7    Str: 15 (17) XL:     4   Next: 74%
Magic:  3/3        EV: 10    Int:  8 (9)  God:    Gozag
Gold:   178        SH:  0    Dex:  9 (10) Spells: 3/3 levels left

rFire    . . .     SeeInvis .   a - +2 mace
rCold    . . .     Gourm    .   (no shield)
rNeg     . . .     Faith    .   c - +0 ring mail
rPois    .         Spirit   .   (helmet restricted)
rElec    .         Reflect  .   (no cloak)
rCorr    .         Harm     .   g - +1 pair of gloves (curse)
MR       .....                  (no boots)
Stlth    +.........             (no amulet)
HPRegen  0.14/turn              (no ring)
MPRegen  0.08/turn              (no ring)

@: gold aura
A: retaliatory headbutt, horns 2
a: Potion Petition, Call Merchant, Bribe Branch, Renounce Religion


You were on level 3 of the Dungeon.
You worshipped Gozag.
Gozag was aware of your devotion.
You were hungry.

You visited 1 branch of the dungeon, and saw 3 of its levels.

You collected 178 gold pieces.

Inventory:

Hand Weapons
 a - a +2 mace (weapon)
 b - a +0 hand axe
 d - a +1 antimagic mace
   (You found it on level 1 of the Dungeon)
Missiles
 e - 96 stones (quivered)
 h - 54 arrows
 i - 18 bolts
 j - 14 sling bullets
Armour
 c - a +0 ring mail (worn)
 g - a cursed +1 pair of gloves (worn)
 m - a +1 pair of gloves
Wands
 T - a wand of paralysis (8)
Scrolls
 o - a scroll of fear {unknown}
 p - a scroll of enchant armour
 s - a scroll of magic mapping {unknown}
Potions
 f - a potion of berserk rage {unknown}
 k - a potion of mutation {unknown}
 l - a potion of degeneration
 n - 2 potions of resistance
 q - a potion of lignification {unknown}
Comestibles
 r - 5 rations {!d}


   Skills:
 + Level 5.7 Fighting
 * Level 5.2 Maces & Flails
   Level 1.1 Crossbows
 - Level 1.2 Armour
 - Level 1.0 Stealth
 - Level 1.0 Evocations


You had 3 spell levels left.
You didn't know any spells.
Your spell library was empty.

Dungeon Overview and Level Annotations

Branches:
Dungeon (3/15)

Altars:
Gozag
Kikubaaqudgha
Nemelex Xobeh


Innate Abilities, Weirdness & Mutations

You reflexively headbutt those who attack you in melee.
You have a pair of horns on your head.


Message History

Aim: a worker ant You throw a stone.
The stone barely misses the worker ant.
No other missiles available.
Use F to throw any item.
Throwing (i - inventory)
e - 95 stones (quivered)
Aim: a worker ant You throw a stone.
The stone hits the worker ant.
Throwing (i - inventory)
e - 94 stones (quivered)
Aim: a worker ant (lightly wounded)
You throw a stone. The stone barely misses the worker ant.
You thump the worker ant! You headbutt the worker ant!
You kill the worker ant!
Your Maces & Flails skill increases to level 5!
The rat bites you but does no damage.
You closely miss the rat. The rat closely misses you. You furiously retaliate!
You headbutt the rat. The rat barely misses you.
You sock the rat!
You kill the rat!
You now have 162 gold pieces (gained 8).
You now have 169 gold pieces (gained 7).
e - 94 stones (gained 1)
Found a lumpy sapphire potion.
e - 95 stones (gained 1)
Found a stone staircase leading up.
An orc comes into view. It is wielding a -1 club.
The orc shouts!
You see here a stone.
e - 96 stones (gained 1)
Found a scroll labeled MIXTAG ETO UDU.
You hit the orc. Your headbutt misses the orc.
The orc hits you but does no damage.
You hit the orc. You headbutt the orc, but do no damage.
The orc completely misses you.
You closely miss the orc. The orc hits you with a cursed -1 club.
You hit the orc but do no damage. The orc hits you but does no damage.
You hit the orc but do no damage. The orc barely misses you.
You hit the orc but do no damage. You headbutt the orc, but do no damage.
The orc hits you with a cursed -1 club.
You hit the orc but do no damage. The orc closely misses you.
You furiously retaliate!
You headbutt the orc!
You kill the orc!
You now have 175 gold pieces (gained 6).
Things that are here:
a cursed -1 club; a +0 chain mail
q - a lumpy sapphire potion
Found a stone staircase leading down.
You are feeling hungry.
Found 18 arrows.
l - 2 golden potions (gained 1)
h - 54 arrows (gained 18)
There is a stone staircase leading down here.
Found 11 gold pieces.
A worm comes into view.
Found a chain mail and a scale mail.
You hit the worm but do no damage. The worm bites you but does no damage.
You hit the worm. You hit the worm. The worm bites you!
You sock the worm! Your headbutt misses the worm. The worm barely misses you.
You furiously retaliate!
You headbutt the worm, but do no damage.
You sock the worm!
You kill the worm!
No target in view!
Found a coppery potion.
You now have 178 gold pieces (gained 3).
s - a scroll labeled MIXTAG ETO UDU
Found a short sword.
An orc and an orc priest come into view.
The orc shouts!
The orc priest shouts!
You hear a shout! x3
The orc priest moves out of view.
You see here 11 gold pieces.
A rat comes into view.
Things that are here:
a cursed -1 club; a +0 chain mail You start resting.
The orc is too close now for your liking.
The orc barely misses you. You furiously retaliate!
You headbutt the orc, but do no damage. You barely miss the orc.
You headbutt the orc!
You kill the orc!
You hit the rat. The rat closely misses you.
The orc priest mumbles some strange prayers to Beogh against you.
Beogh smites you!
You are too injured to fight recklessly!
You are too injured to fight recklessly!
Unknown command.
Unknown command.
You thump the rat!
You kill the rat!
The orc priest calls down the wrath of Beogh upon you.
Beogh smites you!
* * * LOW HITPOINT WARNING * * *
It was a potion of degeneration.
There was something very wrong with that liquid.
You feel weakened.
You feel dopey.
You feel clumsy.
Okay, then.
You sock the orc priest! You headbutt the orc priest.
The orc priest mumbles some strange prayers to Beogh against you.
Beogh smites you!
You die...
Your body crumbles into a pile of gold.

≈≈#.....r####.≈≈...≈......≈.##≈
#.....$.......≈.≈..≈..≈≈.≈## ≈
................≈...≈.≈...#####
..........#o.....##............
##.[...........>.......########
#...........#......##...## #
.).........####...#.......#####
#..........####o...######......
..#.#..###....@..#..........###
...##.....#.#########.....
≈..............# #.....
.........<.....# ##....
....#..........########.#
...................## #.#
##..#..........###..###.#
...###.........# ##.....# ..#
#.........# #......


You could see an orc priest.

Vanquished Creatures
  A worker ant (D:3)
  2 adders (D:2)
  A worm (D:3)
  2 dart slugs (D:1)
  3 leopard geckos
  2 orcs (D:3)
  A ball python (D:2)
  A giant cockroach (D:2)
  8 goblins
  4 hobgoblins
  8 jackals
  11 kobolds
  8 bats
  4 frilled lizards
  8 rats
64 creatures vanquished.

Notes
Turn   | Place    | Note
-------+----------+-------------------------------------------
     0 | D:1      | cod the Minotaur Wanderer began the quest for the Orb.
     0 | D:1      | cod set off with the following items: a +2 mace, a +0 hand
                  | axe, a +0 ring mail, a ration {!d}
     0 | D:1      | Reached XP level 1. HP: 22/22 MP: 0/0
   279 | D:1      | Reached skill level 5 in Fighting
   299 | D:1      | Reached XP level 2. HP: 29/29 MP: 1/1
   520 | D:1      | Reached XP level 3. HP: 36/36 MP: 2/2
  1182 | D:2      | Found a sparkling altar of Nemelex Xobeh.
  1315 | D:2      | Reached XP level 4. HP: 42/42 MP: 3/3
  1492 | D:2      | Found an ancient bone altar of Kikubaaqudgha.
  1873 | D:3      | Found a faded altar of an unknown god.
  1878 | D:3      | Became a worshipper of Gozag Ym Sagoz the Greedy
  1937 | D:3      | Reached skill level 5 in Maces & Flails
  2048 | D:3      | Killed from afar by an orc priest

Levels and vault maps discovered:
D:1:      matt_arrival_los_fun, layout_loops_ring, minmay_misc_feat_square
D:2:      layout_loops_corners, nicolae_overflow_crystal_walls,
          lemuel_crystal_altar, first_ration
D:3:      layout_rooms, fedhas_altar_fruit_tree,
          chequers_ecumenical_altar_lobes, serial_rivers,
          chequers_serial_rivers_marsh, chequers_serial_rivers_micro_d,
          chequers_serial_rivers_micro_d, chequers_serial_rivers_micro_c,
          chequers_serial_rivers_small_3, chequers_serial_rivers_micro_b,
          nicolae_dithmenos_shadow_blocks

Skill      XL: |  1  2  3  4 |
---------------+-------------+-----
Maces & Flails | 3 4 5 |  5.2
Fighting       | 5 |  5.7
Crossbows      | |  1.1
Armour         | |  1.2
Stealth        | |  1.0
Evocations     | |  1.0

Action                   |  1- 3 |  4- 6 || total
-------------------------+-------+-------++-------
Melee: Mace              |    84 |    45 ||   129
       Headbutt          |     8 |    10 ||    18
Throw: Stone             |     2 |     3 ||     5
  Use: Scroll            |     1 |     1 ||     2
       Potion            |       |     1 ||     1
  Eat: Chunk             |     1 |     2 ||     3
Armor: Ring mail         |    37 |    13 ||    50
Dodge: Dodged            |    46 |    23 ||    69

Levels and vault maps discovered:
D:1:      matt_arrival_los_fun, layout_loops_ring, minmay_misc_feat_square
D:2:      layout_loops_corners, nicolae_overflow_crystal_walls,
          lemuel_crystal_altar, first_ration
D:3:      layout_rooms, fedhas_altar_fruit_tree,
          chequers_ecumenical_altar_lobes, serial_rivers,
          chequers_serial_rivers_marsh, chequers_serial_rivers_micro_d,
          chequers_serial_rivers_micro_d, chequers_serial_rivers_micro_c,
          chequers_serial_rivers_small_3, chequers_serial_rivers_micro_b,
          nicolae_dithmenos_shadow_blocks
